 Dungeon Crawl Stone Soup version 0.31.0-12-g77e489cdc1 (webtiles) character file.

Game seed: 7360591265594432275

1699 Ashen the Ruffian (level 8, -3/79 HPs)
             Began as a Troll Shapeshifter on Feb 16, 2024.
             Was an Initiate of Wu Jian.
             Slain by a yak (8 damage)
             ... on level 6 of the Dungeon.
             The game lasted 00:07:04 (4243 turns).

Ashen the Ruffian (Troll Shapeshifter)              Turns: 4243, Time: 00:07:04

Health: -3/79      AC:  4    Str: 23    XL:     8   Next: 73%
Magic:  7/7        EV: 11    Int:  6    God:    Wu Jian [......]
Gold:   258        SH:  0    Dex: 11    Spells: 7/7 levels left

rFire   . .          .
                       - Unarmed
rCold   . . .        (no shield)
rNeg    . . .        a - +0 animal skin
rPois   .            (helmet currently unavailable)
rElec   .            (cloak currently unavailable)
rCorr   .            (gloves unavailable)
SInv    .            (boots unavailable)
Will    .....        B - amulet of regeneration
Stlth   +            (no ring)
HPRegen 1.93/turn    (no ring)
MPRegen 0.10/turn

%: no passive effects
@: beast-form
A: beast (slay +3), large, unfitting armour, claws 3, regeneration 1, shaggy fur
1, tough skin 1
a: Begin Untransformation, Renounce Religion


You were on level 6 of the Dungeon.
You worshipped Wu Jian.
Wu Jian was noncommittal.
You were a hulking beast.
You visited 2 branches of the dungeon, and saw 7 of its levels.
You visited the Abyss 1 time.

You collected 258 gold pieces.

Inventory:

Armour
 a - a +0 animal skin (worn)
Jewellery
 B - an amulet of regeneration (around neck)
Talismans
 c - a beast talisman
 d - a flux talisman
Scrolls
 e - 10 scrolls of identify {unknown}
 g - a scroll of immolation {unknown}
 h - a scroll of brand weapon {unknown}
 k - 2 scrolls of vulnerability {unknown}
 l - a scroll of fear {unknown}
 m - a scroll of blinking {unknown}
 o - a scroll of acquirement {unknown}
 p - 2 scrolls of enchant armour {unknown}
 r - a scroll of torment {unknown}
 v - a scroll of revelation {unknown}
 w - 5 scrolls of teleportation {unknown}
 x - a scroll of silence {unknown}
 y - 2 scrolls of poison {unknown}
Potions
 b - 2 potions of lignification
 f - 3 potions of curing {unknown}
 i - 2 potions of invisibility {unknown}
 j - 3 potions of degeneration {unknown}
 n - a potion of berserk rage {unknown}
 q - a potion of heal wounds {unknown}
 s - a potion of brilliance {unknown}
 t - 2 potions of magic {unknown}
 u - a potion of haste {unknown}
 z - a potion of ambrosia {unknown}
 A - a potion of resistance {unknown}
 C - a potion of might {unknown}
 D - 2 potions of mutation {unknown}


   Skills:
 + Level 4.6 Fighting
 + Level 4.8 Dodging
 + Level 6.3 Unarmed Combat
 + Level 5.9 Shapeshifting


You had 7 spell levels left.
You didn't know any spells.
Your spell library contained the following spells:

 Spells                   Type           Power      Damage    Failure   Level
 Magic Dart               Conj           0%         1d3       45%         1
 Sting                    Conj/Alch      0%         1d3       45%         1
 Blink                    Tloc           0%         N/A       58%         2
 Call Imp                 Summ           0%         N/A       58%         2
 Mercury Vapours          Alch/Air       0%         N/A       58%         2
 Dazzling Flash           Conj/Hex       0%         N/A       83%         3
 Mephitic Cloud           Conj/Alch/Air  0%         N/A       83%         3
 Tukima's Dance           Hex            0%         N/A       83%         3
 Dimensional Bullseye     Hex/Tloc       0%         N/A       99%         4
 Iskenderun's Mystic Bla  Conj/Tloc      0%         2d3       99%         4
 Olgreb's Toxic Radiance  Alch           0%         N/A       99%         4
 Curse of Agony           Necr           0%         N/A       100%        5
 Silence                  Hex/Air        0%         N/A       100%        5


Dungeon Overview and Level Annotations

Branches:
Dungeon (6/15)             Temple (1/1) D:5

Altars:
Ashenzari
Cheibriados
Elyvilon
Gozag
Hepliaklqana
Kikubaaqudgha
Makhleb
Nemelex Xobeh
Okawaru
Qazlal
Ru
Sif Muna
Trog
Uskayaw
Vehumet
Wu Jian
Xom
Zin
The Shining One


Innate Abilities, Weirdness & Mutations

You are a hulking beast.
Your limbs bulge with bestial killing power. (Slay +3)
You are too large for most types of armour.
You have claws for hands.
Your natural rate of healing is unusually fast.
You are covered in fur. (AC +1)
You have tough skin. (AC +1)


Message History

You claw the yak!
You kill the yak!
The Council accepts your kill.
Your Unarmed Combat skill increases to level 6!
You claw the yak!
The yak is moderately wounded.
You scratch the yak.
The yak is moderately wounded.
The yak closely misses you.
You mangle the yak!!
The yak is almost dead.
The yak gores you!
You scratch the yak.
The yak is almost dead.
The yak gores you!
You scratch the yak.
You kill the yak!
The Council accepts your kill.
You closely miss the yak. The yak gores you!
You are too injured to fight recklessly!
You are too injured to fight recklessly!
You are too injured to fight recklessly!
You are too injured to fight recklessly!
You are too injured to fight recklessly!
You are too injured to fight recklessly!
You are too injured to fight recklessly!
You are too injured to fight recklessly!
You claw the yak!
The yak is moderately wounded.
The yak gores you!
You claw the yak!
The yak is heavily wounded.
The yak gores you!
* * * LOW HITPOINT WARNING * * *
You completely miss the yak.
The yak is heavily wounded.
The yak gores you!
* * * LOW HITPOINT WARNING * * *
The yak attacks as it pursues you! The yak gores you!
You die...

...# #.#
##############.#
..............>#
##############.#
#.# #.#
#######.###
..........#
#######.#h#
#.#Y# #.#†#
#.#Y# #.#Y#
#.#.# #.#.. ###


You could see 3 yaks.

Vanquished Creatures
  3 yaks (D:6)
  Sigmund (D:5)
  Edmund (D:5)
  A centaur (D:3)
  An ogre (D:5)
  2 phantoms
  A bullfrog (D:3)
  2 scorpions (D:4)
  2 bombardier beetles
  A jelly (D:5)
  An orc priest (D:3)
  A gnoll bouda (D:5)
  3 hounds
  An iguana (D:5)
  An orc wizard (D:4)
  6 gnolls
  5 adders
  3 ribbon worms
  2 dart slugs
  12 orcs
  9 ball pythons
  8 endoplasms
  6 giant cockroaches
  6 goblins
  6 hobgoblins
  4 jackals (D:4)
  5 kobolds
  3 quokkas
  6 bats
  3 frilled lizards
  10 rats
116 creatures vanquished.

Notes
Turn   | Place    | Note
-------+----------+-------------------------------------------
     0 | D:1      | Ashen the Troll Shapeshifter began the quest for the Orb.
     0 | D:1      | Reached XP level 1. HP: 18/18 MP: 0/0
    68 | D:1      | Reached skill level 1 in Fighting
    90 | D:1      | Reached XP level 2. HP: 27/27 MP: 1/1
   960 | D:2      | Reached XP level 3. HP: 33/33 MP: 2/2
  1446 | D:3      | Reached XP level 4. HP: 42/42 MP: 3/3
  1547 | D:3      | You fall into a shaft and drop 2 floors!
  1547 | D:5      | Entered Level 5 of the Dungeon
  1606 | D:4      | Noticed a scorpion
  1616 | D:4      | Killed a scorpion
  1620 | D:4      | Reached XP level 5. HP: 49/49 MP: 4/4
  1667 | D:4      | Reached skill level 4 in Unarmed Combat
  1946 | D:3      | Noticed a centaur
  1952 | D:3      | Killed a centaur
  1953 | D:3      | Reached XP level 6. HP: 35/59 MP: 5/5
  2793 | D:4      | Reached XP level 7. HP: 66/67 MP: 6/6
  3209 | D:5      | Reached skill level 5 in Unarmed Combat
  3351 | D:5      | Reached skill level 5 in Shapeshifting
  3593 | D:5      | Noticed Edmund
  3607 | D:5      | Killed Edmund
  3608 | D:5      | Reached XP level 8. HP: 62/78 MP: 7/7
  3620 | D:5      | Noticed Sigmund
  3625 | Abyss:1  | Cast into level 1 of the Abyss (Sigmund)
  3731 | Abyss:1  | Noticed a smoke demon
  3759 | Abyss:1  | Noticed an ancient zyme
  3774 | D:5      | Escaped the Abyss
  3782 | D:5      | Killed Sigmund
  3853 | D:5      | Found a staircase to the Ecumenical Temple.
  3875 | Temple   | Entered the Ecumenical Temple
  3886 | Temple   | Became a worshipper of the Wu Jian Council
  3930 | D:5      | Found a radiant altar of Vehumet.
  4234 | D:6      | Reached skill level 6 in Unarmed Combat
  4242 | D:6      | HP: 3/79 [yak (9)]
  4243 | D:6      | Slain by a yak

Illustrated notes

Levels and vault maps discovered:
D:1:      dpeg_arrival_prison, layout_basic
D:2:      kb_forest_paths, layout_basic
D:3:      minmay_razor_zed, layout_basic, roderic_lattice_a
D:4:      layout_cave_pools, nrook_mini_vaults
D:5:      layout_basic, kennysheep_little_box, temple_pool_b,
          sigmund_edmund_badplayer
D:6:      minmay_thinvault, layout_basic, ebering_ghost_sewer_f
Temple:   nicolae_temple_two_arcs

Skill      XL: |  1  2  3  4  5  6  7  8 |
---------------+-------------------------+-----
Fighting       | 1 2 3 4 |  4.6
Dodging        | 2 3 4 |  4.8
Unarmed Combat | 4 5 6 |  6.3
Shapeshifting  | 4 5 |  5.9

Action                     |  1- 3 |  4- 6 |  7- 9 || total
---------------------------+-------+-------+-------++-------
  Melee: Unarmed           |   100 |   121 |   113 ||   334
         Punch             |     1 |     4 |     2 ||     7
Ability: Lunge             |       |       |     3 ||     3
   Stab: Sleeping          |       |     1 |       ||     1
 Armour: Animal skin       |    73 |    93 |    67 ||   233
  Dodge: Dodged            |    35 |    63 |    41 ||   139
